 Dungeon Crawl Stone Soup version 0.30-a0-457-g4b7bca3bfa (webtiles) character file.

Game seed: 555243445974324599

564 zishaf the Gusty (level 7, 0/42 HPs)
             Began as a Tengu Air Elementalist on Dec 13, 2022.
             Slain by a troll (9 damage)
             ... on level 5 of the Dungeon.
             The game lasted 00:05:55 (5009 turns).

zishaf the Gusty (Tengu Air Elementalist)           Turns: 5009, Time: 00:05:55

Health: 0/42       AC:  3    Str:  8    XL:     7   Next: 32%
Magic:  1/11       EV: 14    Int: 17    God:
Gold:   254        SH:  5    Dex: 15    Spells: 7/10 levels left

rFire   . . .      SeeInvis .    h - +1 dagger (speed)
rCold   . . .      Faith    .    j - +0 buckler
rNeg    . . .      Spirit   .    a - +0 robe
rPois   .          Reflect  .    (helmet restricted)
rElec   .          Harm     .    (no cloak)
rCorr   .          Rampage  .    g - +0 pair of gloves
Will    .....                    (boots unavailable)
Stlth   ++........               (no amulet)
HPRegen 0.27/turn                (no ring)
MPRegen 0.12/turn                (no ring)

@: flying quickly and evasively, very slightly contaminated, quick
A: beak, talons 3, nimble flight
a: no special abilities


You were on level 5 of the Dungeon.
You visited 1 branch of the dungeon, and saw 5 of its levels.

You collected 254 gold pieces.

Inventory:

Hand Weapons
 h - a +1 dagger of speed (weapon)
Missiles
 r - 2 throwing nets
Armour
 a - a +0 robe (worn)
 g - a +0 pair of gloves (worn)
 j - a +0 buckler (worn)
Jewellery
 l - a ring of ice
Wands
 p - a wand of acid (10)
Scrolls
 c - 2 scrolls of fog
 m - a scroll of teleportation
 o - a scroll of identify
Potions
 b - a potion of magic
 d - 3 potions of heal wounds
 e - a potion of mutation
 f - a potion of attraction
 i - a potion of haste
 k - a potion of berserk rage
 n - a potion of might
 s - 2 potions of cancellation
 w - 2 potions of curing


   Skills:
 + Level 3.7 Fighting
 - Level 2.1 Dodging
 - Level 2.0 Stealth
 + Level 3.0 Shields
 - Level 2.0 Spellcasting
 + Level 5.1 Conjurations
 + Level 6.5 Air Magic


You had 7 spell levels left.
You knew the following spells:

 Your Spells              Type           Power      Damage    Failure   Level
a - Shock                 Conj/Air       84%        1d8       2%          1
A - Static Discharge      Conj/Air       42%        2-4/arc   3%          2

Your spell library contained the following spells:

 Spells                   Type           Power      Damage    Failure   Level
 Swiftness                Air            24%        N/A       5%          3
 Airstrike                Air            12%        2d(2-18)  17%         4
 Sandblast                Erth           2%         2d4       26%         1
 Stone Arrow              Conj/Erth      20%        3d8       26%         3
 Kindle Blastsparks       Fire/Tloc/Air  18%        2d11      30%         3
 Passwall                 Tmut/Erth      0%         N/A       36%         2
 Gell's Gravitas          Tloc           1%         N/A       58%         3
 Ignite Poison            Fire/Tmut/Pois 1%         N/A       58%         3
 Teleport Other           Tloc           1%         N/A       58%         3
 Freezing Cloud           Conj/Ice/Air   7%         6-21      82%         5
 Dispersal                Tloc           0%         N/A       100%        6


Dungeon Overview and Level Annotations

Branches:
Dungeon (5/15)
 Temple: D:4-7

Altars:

Shops:
D:4 [


Innate Abilities, Weirdness & Mutations

You have a beak for a mouth.
You have claws for feet.
Your magical nature lets you fly swiftly and evasively.


Message History

Casting: Shock (safe; 2% risk of failure)
Confirm with . or Enter, or press ? or * to list all spells.
Aiming: Shock (safe; 2% risk of failure)
Press: ? - help, Shift-Dir - straight line, f/p - troll
Aim: a troll (moderately wounded, covered in acid, 74% to hit)
The zap misses the troll.
The troll completely misses you. The troll barely misses you.
You block the troll's attack.
Casting: Shock (safe; 2% risk of failure)
Confirm with . or Enter, or press ? or * to list all spells.
The troll is struck by an arc of lightning.
The troll is moderately wounded.
You are struck by an arc of lightning.
The troll is struck by an arc of lightning.
The troll is moderately wounded.
You are struck by an arc of lightning.
The lightning grounds out.
The troll closely misses you. The troll claws you but does no damage.
The troll claws you!
Casting: Static Discharge (safe; 3% risk of failure)
Confirm with . or Enter, or press ? or * to list all spells.
You miscast Static Discharge.
You are very lightly contaminated with residual magic.
Nothing appears to happen.
The troll bites you. The troll closely misses you.
You block the troll's attack.
Casting: Static Discharge (safe; 3% risk of failure)
Confirm with . or Enter, or press ? or * to list all spells.
The troll is struck by an arc of lightning.
The troll is heavily wounded.
You are struck by an arc of lightning.
The lightning grounds out.
The troll closely misses you. The troll claws you!
* * * LOW HITPOINT WARNING * * *
The troll closely misses you.
Casting: Static Discharge (safe; 3% risk of failure)
Confirm with . or Enter, or press ? or * to list all spells.
The troll is struck by an arc of lightning.
The troll is heavily wounded.
You are struck by an arc of lightning.
* * * LOW HITPOINT WARNING * * *
The lightning grounds out.
The troll bites you but does no damage. The troll closely misses you.
The troll claws you!
You die...

##. ..## #.. ###...##
..##$##...# ###....##...##### #
#.######...##...## #
#####.........##.....## ###
#........T..###..###..# '.#
##.......@####...##...##
#.######.....####........#####
#.#..))))).......####..†##...##
#...####............###..###..#
#..## #...##.........##.†...##
#..# #...##.######...##...##
#..# #...####....##.^.#####
#.<# ##### #..##.##...#
#.....## #...###...##


You could see a troll (corroded).

Vanquished Creatures
  A gnoll sergeant (D:5)
  3 scorpions
  A hound (D:4)
  An orc priest (D:3)
  An orc wizard (D:3)
  Robin (D:3)
  5 gnolls (D:5)
  6 adders
  A white imp (D:5)
  A worm (D:2)
  5 dart slugs
  5 orcs
  4 endoplasms
  4 giant cockroaches
  7 hobgoblins
  4 jackals (D:1)
  5 kobolds
  3 quokkas
  10 ball pythons
  7 bats
  3 frilled lizards
  22 goblins
  9 rats
109 creatures vanquished.

Vanquished Creatures (others)
  7 fungi (D:5)
  7 plants (D:1)
  5 withered plants (D:1)
19 creatures vanquished.

Grand Total: 128 creatures vanquished

Notes
Turn   | Place    | Note
-------+----------+-------------------------------------------
     0 | D:1      | zishaf the Tengu Air Elementalist began the quest for the
                  | Orb.
     0 | D:1      | Reached XP level 1. HP: 10/10 MP: 4/4
   221 | D:1      | Reached XP level 2. HP: 16/16 MP: 0/6
   332 | D:1      | Reached skill level 1 in Fighting
   431 | D:1      | Found a faded altar of an unknown god.
   526 | D:1      | Reached XP level 3. HP: 20/20 MP: 2/7
  1272 | D:2      | Reached XP level 4. HP: 26/26 MP: 6/8
  1341 | D:2      | Learned a level 2 spell: Static Discharge
  1524 | D:2      | Noticed a scorpion
  1531 | D:2      | Killed a scorpion
  1532 | D:2      | Reached skill level 1 in Shields
  1532 | D:2      | Reached skill level 5 in Air Magic
  1532 | D:2      | Gained mutation: Your magical nature lets you fly swiftly
                  | and evasively. [Tengu growth]
  1532 | D:2      | Reached XP level 5. HP: 27/30 MP: 0/9
  2671 | D:3      | Noticed Robin
  2714 | D:3      | Killed Robin
  3061 | D:3      | Reached XP level 6. HP: 32/36 MP: 3/10
  4452 | D:4      | Found Xoqorgh's Armour Emporium.
  4465 | D:4      | Reached skill level 6 in Air Magic
  4570 | D:5      | Entered Level 5 of the Dungeon
  4666 | D:5      | Reached XP level 7. HP: 41/41 MP: 4/11
  4689 | D:5      | Noticed a troll
  4813 | D:5      | Reached skill level 5 in Conjurations
  5009 | D:5      | Slain by a troll

Illustrated notes

Levels and vault maps discovered:
D:1:      dpeg_arrival_long_road, layout_rooms,
          shapermc_ecumenical_altar_flowoftime, minmay_vboxes
D:2:      layout_basic
D:3:      layout_loops_corners, nicolae_concentric_dashed_squares_wild,
          minmay_misc_feat_hallway, minmay_goblin_kobold_house, uniq_robin
D:4:      layout_basic, serial_shops, nicolae_shop_statue_plus
D:5:      layout_basic, dreamdust_mushroom_princess, minmay_puff, uniq_edmund

Skill      XL: |  1  2  3  4  5  6  7 |
---------------+----------------------+-----
Conjurations   | 2 3 4 5 |  5.1
Fighting       | 1 2 3 |  3.7
Shields        | 1 2 3 |  3.0
Air Magic      | 5 6 |  6.5
Dodging        | |  2.1
Stealth        | |  2.0
Spellcasting   | |  2.0

Action                   |  1- 3 |  4- 6 |  7- 9 || total
-------------------------+-------+-------+-------++-------
Melee: Unarmed           |     7 |       |       ||     7
       Kick              |     5 |     1 |     1 ||     7
       Dagger            |       |     6 |     4 ||    10
       Peck              |       |     1 |       ||     1
 Cast: Shock             |    57 |   111 |    12 ||   180
       Static Discharge  |       |    10 |     7 ||    17
Evoke: Wand              |       |       |     3 ||     3
  Use: Scroll            |       |    17 |     1 ||    18
 Stab: Sleeping          |       |       |     1 ||     1
Armor: Robe              |     2 |     8 |     3 ||    13
Dodge: Dodged            |     1 |    17 |    15 ||    33
Block: Buckler           |       |     6 |     2 ||     8

Table legend: (Time is in decaauts)
 A = Elapsed time spent in this place.
 B = Non-inter-level travel time spent in this place.
 C = Inter-level travel time spent in this place.
 D = Time resting spent in this place.
 E = Time spent auto-exploring this place.
 F = Levels seen in this place.
 G = Mean time per level.
                   A        B        C        D        E       F      G
               +--------+--------+--------+--------+--------+-----+--------+
         Total |   4803 |   4686 |    117 |    195 |   3953 |   5 |  960.6 |
       Dungeon |   4803 |   4686 |    117 |    195 |   3953 |   5 |  960.6 |
               +--------+--------+--------+--------+--------+-----+--------+

Top non-repeatable levels by time:
     D:3: 1363 daAuts
     D:2: 1105 daAuts
     D:1: 999 daAuts
     D:4: 912 daAuts
     D:5: 423 daAuts
